 Dungeon Crawl Stone Soup version 0.24-a0-630-g0d56a85 (webtiles) character file.

Game seed: 18087257703949262445, levelgen mode: deterministic

4541 BoppinsLewinski the Spear-Bearer (level 10, -1/75 HPs)
             Began as a Centaur Gladiator on Sept 19, 2019.
             Was an Elder of Okawaru.
             Killed by divine providence
             ... invoked by an orc priest
              (13 damage)
             ... on level 9 of the Dungeon on Sept 20, 2019.
             The game lasted 00:24:44 (10116 turns).

BoppinsLewinski the Spear-Bearer (CeGl)            Turns: 10116, Time: 00:24:45

Health: -1/75      AC: 13    Str: 23    XL:     10   Next: 17%
Magic:  13/13      EV:  7    Int:  7    God:    Okawaru [****..]
Gold:   577        SH:  0    Dex: 15    Spells: 9/9 levels left

rFire    + . .     SeeInvis .   C - +2 trident of the Hero {pain, rElec Str+3}
rCold    x . .     Gourm    .   (no shield)
rNeg     . . .     Faith    .   A - +0 plate armour
rPois    .         Spirit   .   D - +2 helmet
rElec    +         Reflect  .   (no cloak)
rCorr    .         Harm     .   (no gloves)
MR       .....                  (no barding)
Stlth    ..........             (no amulet)
HPRegen  0.22/turn              s - +2 ring of dexterity
MPRegen  0.13/turn              i - ring of fire

@: lethally poisoned (-1 -> -16), flying, lightly drained, very quick
A: large, hooves 3, agile 1, deformed body, speed 2, frail 1, tough skin 3
a: Heroism, Renounce Religion


You were on level 9 of the Dungeon.
You worshipped Okawaru.
Okawaru was greatly pleased with you.
You were not hungry.

You visited 2 branches of the dungeon, and saw 10 of its levels.
You also visited: Ossuary.

You collected 577 gold pieces.

Inventory:

Hand Weapons
 q - a +0 morningstar
 C - the +2 trident of the Hero (weapon) {pain, rElec Str+3}
   (You found it on level 6 of the Dungeon)

   In the hands of one skilled in necromantic magic, it inflicts extra damage on
   living creatures.
   It affects your strength (+3).
   It insulates you from electricity.
Missiles
 d - 4 throwing nets (quivered)
Armour
 A - a +0 plate armour (worn)
 D - a +2 helmet (worn)
Jewellery
 g - an uncursed ring of see invisible
 i - a ring of fire (right hand)
 s - a +2 ring of dexterity (left hand)
 w - a +3 amulet of reflection {unknown}
Wands
 v - a wand of acid (2)
 z - a wand of flame (29)
 B - a wand of paralysis (15)
Scrolls
 b - 3 scrolls of enchant weapon {unknown}
 e - 3 scrolls of enchant armour
 j - 2 scrolls of identify
 k - 2 scrolls of amnesia
 l - 6 scrolls of remove curse
 p - 2 scrolls of blinking
 r - 6 scrolls of teleportation
 x - 2 scrolls of fog {unknown}
 y - a scroll of summoning {unknown}
 E - a scroll of fear {unknown}
Potions
 h - a potion of might
 n - 2 potions of haste
 o - a potion of magic
 t - a potion of ambrosia
 u - a potion of agility
Comestibles
 f - 13 rations


   Skills:
 + Level 6.3(6.1) Fighting
 * Level 8.5(8.3) Polearms
 - Level 2.1(1.9) Throwing
 + Level 4.4(4.2) Armour
 + Level 5.2(4.9) Dodging
 + Level 5.1(4.8) Evocations


You had 9 spell levels left.
You didn't know any spells.
Your spell library contained the following spells:

 Spells                   Type           Power        Failure   Level  Hunger
 Summon Small Mammal      Summ           #...         100%        1    ##.....
 Call Imp                 Summ           #.......     100%        2    ###....
 Call Canine Familiar     Summ           #.......     100%        3    ####...
 Summon Guardian Golem    Hex/Summ       #.......     100%        3    ####...
 Summon Ice Beast         Ice/Summ       #.......     100%        4    #####..
 Summon Lightning Spire   Summ/Air       #.......     100%        4    #####..


Dungeon Overview and Level Annotations

Branches:
Dungeon (9/15)             Temple (1/1) D:4            Lair (0/6) D:9
Ossuary (visited)
    Orc: D:9-12

Altars:
Ashenzari
Cheibriados
Dithmenos
Elyvilon
Fedhas
Gozag
Hepliaklqana
Kikubaaqudgha
Makhleb
Nemelex Xobeh
Okawaru
Qazlal
Ru
Sif Muna
Trog
Uskayaw
Vehumet
Wu Jian
Xom
Yredelemnul
Zin
The Shining One

Shops:
D:6 (   D:8 %

Annotations:
D:5 1 runed translucent door, Crazy Yiuf


Innate Abilities, Weirdness & Mutations

You have hooves in place of feet.
Armour fits poorly on your strangely shaped body.
You cover ground very quickly.
You have extremely tough skin. (AC +3)
You are agile. (Dex +2)
You are frail. (-10% HP)


Message History

Ye bump inta tha rock wall.
* * * LOW HITPOINT WARNIN'
* * * Ye feel sick.
Tha orc warrior completely misses ye.
Tha orc priest mumbles some strange prayers ta Beogh against ye.
Beogh smites ye!
* * * LOW HITPOINT WARNIN'
* * * Unknown command.
Ye closely miss tha orc warrior.
Tha orc warrior be almost dead.
* * * LOW HITPOINT WARNIN'
* * * Ye feel sick.
Unknown command.
Ye bump inta tha rock wall.
Ye feel less invigorated.
Ye feel less confused.
* * * LOW HITPOINT WARNIN'
* * * Ye feel sick.
Tha orc warrior hits ye but does nay damage.
Tha orc priest calls down tha wrath o' Beogh upon ye.
Beogh smites ye!
Ye die...

#..........# #..........#
#.....))...# #...[......#
#..........#
###..........#
###............# ###
#####...#...>....... ....
#.o@..######..#####. .....
#o##### #..## #..
......#.# #####.######..
.......5#####...#.###.....
...<.........##....#...###
........#.................
.........o......#.........
.....o............#..#####
................#.##...# #


You could see an orc warrior and an orc priest.

Vanquished Creatures
  Harold (D:7)
  Joseph (D:8)
  Psyche (D:8)
  A troll (D:9)
  Grinder (D:5)
  A wraith (Ossuary)
  Menkaure (D:7)
  3 phantoms
  2 ice beasts
  A sky beast (D:5)
  An ogre (D:8)
  A centaur (D:5)
  A big kobold (D:7)
  3 bullfrogs
  A scorpion (D:5)
  6 wights
  3 crimson imps
  A bullfrog zombie (D:6)
  A hound (D:6)
  4 centaur skeletons
  4 jellies
  2 orc priests
  A bullfrog skeleton (D:6)
  Ijyb (D:5)
  9 orc wizards
  6 worker ants
  A hound zombie (D:7)
  4 mummies
  A howler monkey zombie (D:7)
  3 gnolls (D:6)
  6 adders
  3 shadow imps
  6 oozes
  An adder skeleton (D:9)
  3 worms
  4 dart slugs
  4 leopard geckos
  22 orcs
  10 giant cockroaches
  5 goblins
  6 hobgoblins
  3 jackals (D:3)
  7 kobolds
  A quokka (D:8)
  4 ball pythons
  6 bats
  4 frilled lizards
  3 goblin zombies (Ossuary)
  2 hobgoblin zombies (Ossuary)
  A jackal zombie (D:5)
  2 kobold zombies (Ossuary)
  A leopard gecko skeleton (D:4)
  A quokka skeleton (D:9)
  7 rats
179 creatures vanquished.

Notes
Turn   | Place    | Note
-------+----------+-------------------------------------------
     0 | D:1      | BoppinsLewinski the Centaur Gladiator began the quest for
                  | the Orb.
     0 | D:1      | Reached XP level 1. HP: 17/17 MP: 1/1
    77 | D:1      | Reached XP level 2. HP: 24/24 MP: 2/2
   155 | D:1      | Reached skill level 3 in Polearms
   897 | D:2      | Reached XP level 3. HP: 28/30 MP: 3/3
  1060 | D:2      | Found a white marble altar of Elyvilon.
  1926 | D:3      | Reached skill level 1 in Armour
  1952 | D:3      | Found a stormy altar of Qazlal.
  2016 | D:3      | Reached XP level 4. HP: 34/37 MP: 4/4
  2706 | D:3      | Gained mutation: Your flesh is heat resistant. (rF+)
                  | [potion of mutation]
  2706 | D:3      | Gained mutation: You are clumsy. (Dex -2) [potion of
                  | mutation]
  2706 | D:3      | Gained mutation: You are partially covered in icy blue
                  | scales. (AC +2) [potion of mutation]
  2706 | D:3      | Gained mutation: Your spells are a little harder to cast,
                  | but a little more powerful. [potion of mutation]
  2707 | D:3      | Lost mutation: You are clumsy. (Dex -2) [potion of
                  | mutation]
  2707 | D:3      | Lost mutation: Your spells are a little harder to cast, but
                  | a little more powerful. [potion of mutation]
  2707 | D:3      | Lost mutation: Your flesh is heat resistant. (rF+) [potion
                  | of mutation]
  2707 | D:3      | Lost mutation: You are partially covered in icy blue
                  | scales. (AC +2) [potion of mutation]
  2707 | D:3      | Gained mutation: You are frail. (-10% HP) [potion of
                  | mutation]
  2707 | D:3      | Gained mutation: You are agile. (Dex +2) [potion of
                  | mutation]
  3157 | D:4      | Reached XP level 5. HP: 32/39 MP: 5/5
  3190 | D:4      | Reached skill level 4 in Polearms
  3190 | D:4      | Reached skill level 1 in Evocations
  3381 | D:4      | Found a staircase to the Ecumenical Temple.
  3389 | Temple   | Entered the Ecumenical Temple
  3448 | Temple   | Became a worshipper of Warmaster Okawaru
  3867 | D:4      | Reached XP level 6. HP: 23/45 MP: 6/6
  4226 | D:5      | Entered Level 5 of the Dungeon
  4266 | D:5      | Found a sand-covered staircase.
  4276 | Ossuary  | Entered an ossuary
  4276 | Ossuary  | Noticed a wraith
  4276 | Ossuary  | Noticed a wraith
  4276 | Ossuary  | Noticed a wraith
  4717 | Ossuary  | Noticed a wraith
  4722 | Ossuary  | Killed a wraith
  4722 | Ossuary  | Reached * piety under Okawaru
  4903 | D:5      | Reached XP level 7. HP: 51/51 MP: 8/8
  4931 | D:5      | Reached skill level 5 in Polearms
  5281 | D:5      | Found a burning altar of Makhleb.
  5342 | D:5      | Noticed Ijyb
  5345 | D:5      | Killed Ijyb
  5389 | D:5      | Noticed Grinder
  5395 | D:5      | Killed Grinder
  5395 | D:5      | Reached ** piety under Okawaru
  5395 | D:5      | Reached XP level 8. HP: 40/59 MP: 8/10
  5747 | D:5      | Found an opulent altar of Gozag.
  5765 | D:5      | Found a runed translucent door.
  5766 | D:5      | Noticed Crazy Yiuf
  6371 | D:6      | Got a twisted trident
  6372 | D:6      | Identified the +2 trident of the Hero {pain, rElec Str+3}
                  | (You found it on level 6 of the Dungeon)
  6407 | D:6      | Found a shimmering blue altar of Sif Muna.
  6422 | D:6      | Reached skill level 6 in Polearms
  7003 | D:6      | Found Potoihan's Antique Weapon Boutique.
  7635 | D:7      | Noticed Harold
  7670 | D:7      | Killed Harold
  7670 | D:7      | Reached *** piety under Okawaru
  7670 | D:7      | Reached **** piety under Okawaru
  7670 | D:7      | Reached skill level 5 in Fighting
  7670 | D:7      | Reached skill level 7 in Polearms
  7670 | D:7      | Reached XP level 9. HP: 17/66 MP: 8/12
  8201 | D:7      | Found a hide-covered altar of Uskayaw.
  8442 | D:7      | Noticed Menkaure
  8457 | D:7      | Killed Menkaure
  8503 | D:7      | Found a blossoming altar of Fedhas.
  8505 | D:7      | Found a snail-covered altar of Cheibriados.
  8506 | D:7      | Found a radiant altar of Vehumet.
  8763 | D:8      | Noticed Joseph
  8846 | D:8      | Killed Joseph
  8846 | D:8      | Received a gift from Okawaru
  9030 | D:8      | Noticed Psyche
  9043 | D:8      | Killed Psyche
  9043 | D:8      | Reached skill level 8 in Polearms
  9249 | D:8      | Reached skill level 5 in Dodging
  9255 | D:8      | Found Moden's Food Emporium.
  9465 | D:8      | Found a glowing golden altar of the Shining One.
  9465 | D:8      | Found a white marble altar of Elyvilon.
  9466 | D:8      | Found a glowing silver altar of Zin.
  9511 | D:8      | Found an ornate altar of the Wu Jian Council.
  9587 | D:8      | Found a sacrificial altar of Ru.
  9593 | D:8      | Reached XP level 10. HP: 74/74 MP: 13/13
  9641 | D:9      | Reached ***** piety under Okawaru
  9641 | D:9      | Reached skill level 5 in Evocations
  9776 | D:9      | Found a hazy altar of Hepliaklqana.
  9974 | D:9      | Found a staircase to the Lair.
 10116 | D:9      | Killed from afar by an orc priest

Levels and vault maps discovered:
D:1:      dpeg_arrival_chase, layout_basic
D:2:      layout_basic, first_ration, grunt_ministairs_14, elyvilon_altar_3
D:3:      layout_basic, nicolae_qazlal_general_emergency
D:4:      layout_rooms, minmay_temple_entry_large_hall
D:5:      layout_basic, kennysheep_mini_moat, nicolae_overflow_hidden_temple,
          gup_ossuary_entry_pyramid, feat_on_display, uniq_crazy_yiuf_cottage,
          uniq_grinder, uniq_ijyb
D:6:      layout_loops_ring, led_sif_book, serial_shops, shop_coins
D:7:      layout_loops_cross, overflow_temple_1_default,
          grunt_temple_overflow_open, uniq_harold, uniq_menkaure
D:8:      minmay_klotski, layout_loops_cross, good_gods_mini_temple,
          lemuel_doored_altar, hangedman_ru_absence, serial_shops,
          nicolae_shop_statue_plus, hangedman_little_slice_of_home, uniq_joseph,
          uniq_psyche
D:9:      layout_rooms, nicolae_overflow_crystal_walls, lair_entry_dummy
Temple:   compressed_dpeg_triangle_lava_temple

Skill      XL: |  1  2  3  4  5  6  7  8  9 10 |
---------------+-------------------------------+-----
Polearms       | 3 4 5 7 8 |  8.5
Armour         | 1 2 3 4 |  4.4
Fighting       | 3 4 5 6 |  6.3
Evocations     | 1 2 4 5 |  5.1
Dodging        | 3 4 5 |  5.2
Throwing       | |  2.1

Action                   |  1- 3 |  4- 6 |  7- 9 | 10-12 || total
-------------------------+-------+-------+-------+-------++-------
Melee: Trident           |   115 |   124 |   315 |   103 ||   657
       Kick              |    20 |    35 |    90 |    30 ||   175
       Punch             |       |       |     1 |       ||     1
Throw: Throwing net      |       |       |     5 |     1 ||     6
Invok: Heroism           |       |       |     1 |     3 ||     4
Evoke: Wand              |       |       |     4 |       ||     4
  Use: Scroll            |       |    17 |       |       ||    17
       Potion            |       |     5 |    10 |     4 ||    19
 Stab: Distracted        |       |     1 |       |       ||     1
       Held in net/web   |       |       |     5 |       ||     5
  Eat: Chunk             |     1 |     5 |     6 |     2 ||    14
       Ration            |       |     1 |     2 |       ||     3
Armor: Leather armour    |    12 |       |       |       ||    12
       Ring mail         |    17 |    38 |    53 |       ||   108
       Plate armour      |       |       |    30 |    24 ||    54
Dodge: Dodged            |    32 |    43 |    89 |    28 ||   192

Table legend:
 A = Non-vault XP
 B = Vault XP
 C = Vault XP percentage of total XP
 D = Non-vault monster count
 E = Vault monster count
 F = Vault count percentage of total count
                 A         B        C        D         E       F
            +---------+---------+-------+---------+---------+-------
      Total |    3514 |    2974 |  45.8 |     149 |      30 |  16.8
            +---------+---------+-------+---------+---------+-------
        D:1 |      30 |       0 |   0.0 |      19 |       0 |   0.0
        D:2 |      45 |       3 |   6.2 |      16 |       2 |  11.1
        D:3 |      76 |       0 |   0.0 |      18 |       0 |   0.0
        D:4 |     267 |       0 |   0.0 |      13 |       0 |   0.0
        D:5 |     624 |     331 |  34.7 |       9 |       3 |  25.0
        D:6 |     643 |      68 |   9.6 |      29 |       2 |   6.5
        D:7 |     359 |    1222 |  77.3 |      19 |       2 |   9.5
        D:8 |     574 |    1080 |  65.3 |       8 |      10 |  55.6
        D:9 |     896 |       0 |   0.0 |      18 |       0 |   0.0
    Ossuary |       0 |     270 | 100.0 |       0 |      11 | 100.0
            +---------+---------+-------+---------+---------+-------
